[Event "*** Titled Tuesday Blitz"]
[Site "Chess.com"]
[Date "2020.11.24"]
[Round "8"]
[White "ChessicallyInclined"]
[Black "aa175"]
[Result "1/2-1/2"]
[WhiteElo "2545"]
[BlackElo "2307"]
[TimeControl "180+1"]
[EndTime "11:47:04 PST"]
[Termination "Game drawn by repetition"]

1. d4 e5 2. dxe5 Nc6 3. Nf3 Qe7 4. Nc3 Nxe5 5. Bf4 Nxf3+ 6. gxf3 c6 7. Qd2 d5 8. O-O-O Nf6 9. e4 Be6 10. Bg5 dxe4 11.
fxe4 h6 12. Be3 Bg4 13. Be2 Bxe2 14. Qxe2 Nxe4 15. Nxe4 Qxe4 16. Rhe1 Qe6 17. Qf3 Bb4 18. Bd2 Bxd2+ 19. Kxd2 O-O-O+ 20. Kc1 Qxa2 21. Qf5+ Kb8 22. Qe5+ Ka8 23. b3 f6 24. Qc3 Qa3+ 25. Kb1 a6 26. Rxd8+ Rxd8 27. Qg3 Qb4 28. Re3 Rd1+ 29. Kb2 Qd4+ 30.
Rc3 Qd2 31. Rd3 Qc1+ 32. Kc3 Qa1+ 33. Kb4 Rxd3 34. Qxd3 Qe5 35. Qd8+ Qb8 36. Qb6 Qd6+ 37. Kc3 Qe5+ 38. Kd2 Qf4+ 39. Kd1 Qd6+ 40. Kc1 Kb8 41.
Qe3 Qxh2 42. Qe8+ Ka7 43. Qe3+ Ka8 44. Qe7 Qf4+ 45. Kb1 Qxf2 46. Qxg7 Qe1+ 47. Kb2 Qe5+ 48. Kb1 Qg5 49. Qf8+ Ka7 50. Qe7 h5 51. Qe2 h4 52.
Qf2+ Ka8 53. Qf1 f5 54. Qf2 h3 55. Qf1 Qg2 56. Qxf5 h2 57. Qf8+ Ka7 58. Qc5+ Kb8 59. Qf8+ Kc7 60. Qe7+ Kb6 61. Qb4+ Kc7 62. Qe7+ Kb8 63.
Qf8+ Ka7 64. Qc5+ Ka8 65. Qf8+ Ka7 1/2-1/2

[Event "*** Titled Tuesday Blitz"]
[Site "Chess.com"]
[Date "2020.11.24"]
[Round "8"]
[White "FMOlexandrProhorov"]
[Black "Loy_Konstantin"]
[Result "0-1"]
[WhiteElo "2195"]
[BlackElo "2386"]
[TimeControl "180+1"]
[EndTime "11:47:04 PST"]
[Termination "Loy_Konstantin won on time"]

1. Nf3 c5 2. c4 Nf6 3. Nc3 Nc6 4. g3 g6 5. Bg2 Bg7 6. O-O O-O 7. d4 cxd4 8. Nxd4 d6 9. e3 Bd7 10.
b3 Rc8 11. Bb2 a6 12. Qd2 Re8 13. Rac1 Qa5 14. Rfd1 Qh5 15. Nd5 Nxd5 16. Bxd5 Nxd4 17. Bxd4 Bxd4 18. exd4 Bc6 19. Bxc6 Rxc6 20. d5 Rc7 21.
Re1 Qf5 22. a4 Qf6 23. Rc3 b5 24. axb5 axb5 25. c5 dxc5 26. d6 Rd7 27. Rxc5 Rxd6 28.
Qb4 Red8 29. Qxb5 Rd1 30. Qe2 Rxe1+ 31. Qxe1 Qd4 32. Rc1 e5 33. b4 e4 34. Kg2 Qd5 35. Qe3 Rb8 36. Rb1 Rb5 37. h4 h5 38. Rc1 Kg7 39. Rc8 Rxb4 40. Rc3 Qd4 41. Rb3 Qxe3 42. Rxe3 f5 43. Rc3 Rb7 44. Ra3 Rf7 45. Ra6 Rf6 46.
Rc6 Rxc6 47. Kf1 Rc7 48. Ke2 Kf6 49. Ke3 g5 50. f3 gxh4 51. gxh4 exf3 52. Kxf3 Rc4 53.
Kg3 Rg4+ 54. Kf2 Ke5 55. Kf3 f4 56. Kf2 Ke4 0-1

[Event "*** Titled Tuesday Blitz"]
[Site "Chess.com"]
[Date "2020.11.24"]
[Round "8"]
[White "Zajdanek"]
[Black "Michaelson_11"]
[Result "0-1"]
[WhiteElo "2287"]
[BlackElo "2147"]
[TimeControl "180+1"]
[EndTime "11:47:05 PST"]
[Termination "Michaelson_11 won by checkmate"]

1. f4 g6 2. Nf3 Bg7 3. e4 Nf6 4. Nc3 d6 5. d4 O-O 6. e5 dxe5 7.
fxe5 Nd5 8. Bc4 c6 9. O-O Bg4 10. Ne4 Nb6 11. Bb3 Na6 12. c3 Qd7 13. h3 Bxf3 14.
Qxf3 Nd5 15. Qg3 Rad8 16. Qh4 b6 17. Bh6 Nac7 18. Ng5 f6 19. Bxg7 fxg5 20. Qh6 Rxf1+ 21.
Rxf1 Ne6 22. Bh8 Qe8 23. c4 Ndf4 24. g3 Ne2+ 25. Kh2 N2xd4 26. Bf6 exf6 27. exf6 Qf7 28.
Bd1 Nf5 29. Rxf5 gxf5 30. Bh5 Rd2+ 31. Kg1 Rd1+ 32. Bxd1 Qg6 33. Qh5 Qxh5 34. Bxh5 Nd4 35. Kf2 Kf8 36. Ke3 Nc2+ 37. Kd2 Nd4 38. Kd3 c5 39. b4 Ne6 40. bxc5 bxc5 41. Kc3 Nd4 42. Kb2 f4 43. gxf4 gxf4 44. Kc3 Nf5 45. Kd3 Ng3 46. Bg4 Kf7 47. a4 Kxf6 48. a5 Ke5 49. a6 Ne4 50. Bf3 Ng5 51. Bg4 h5 52. Bxh5 Nxh3 53. Be8 Nf2+ 54. Ke2 Ne4 55. Bc6 Nc3+ 56. Kf3 Nb1 57. Bb7 Nd2+ 58. Kg4 Nxc4 59. Bf3 Nd6 60.
Be2 c4 61. Kf3 c3 62. Bd3 Nc8 63. Ke2 Nb6 64. Bc2 Kd4 65. Kf3 Nd5 66. Bb1 Nb4 67.
Kxf4 c2 68. Bxc2 Nxc2 69. Kf3 Nb4 70. Ke2 Nxa6 71. Kd2 Kc4 72. Kc2 Kb4 73. Kb2 Nc5 74. Ka2 a5 75. Kb2 a4 76. Ka2 a3 77. Ka1 Kb3 78. Kb1 Na6 79. Kc1 Nb4 80. Kb1 a2+ 81. Ka1 Nc2# 0-1

[Event "*** Titled Tuesday Blitz"]
[Site "Chess.com"]
[Date "2020.11.24"]
[Round "8"]
[White "AlexeiShirov"]
[Black "Sebastian"]
[Result "1-0"]
[WhiteElo "2850"]
[BlackElo "2910"]
[TimeControl "180+1"]
[EndTime "11:47:06 PST"]
[Termination "AlexeiShirov won on time"]

1. e4 e5 2. Nf3 Nc6 3. Bb5 Nf6 4. d3 Bc5 5. c3 O-O 6. Bg5 h6 7. Bh4 Be7 8. O-O d6 9. Bg3 a6 10. Bxc6 bxc6 11. Nbd2 c5 12. d4 cxd4 13. cxd4 exd4 14. Nxd4 Bb7 15. Qc2 Re8 16. Nc6 Qd7 17. Nxe7+ Rxe7 18. f3 d5 19. e5 Nh5 20. Rac1 Nxg3 21. hxg3 Rxe5 22. Qxc7 Qxc7 23. Rxc7 Rb8 24. Nb3 Bc8 25.
Kf2 Be6 26. Rc2 Bf5 27. Rd2 h5 28. Nd4 Bd7 29. Rc1 Rb7 30. b3 g6 31. Re2 Rxe2+ 32. Kxe2 Kf8 33. Rc5 Be6 34. Rc6 a5 35. Ra6 Bd7 36.
Rxa5 Ke7 37. Rxd5 Ra7 38. a4 Rb7 39. Kd3 f6 40. a5 Rb8 41. a6 g5 42. Ra5 Kd6 43. a7 Ra8 44. Ra6+ Kc7 45. Ke4 g4 46. fxg4 hxg4 47. b4 Kb7 48. Ra5 Rxa7 49. Rxa7+ Kxa7 50. Kd5 Kb6 51. Kd6 Bc8 52. Ke7 f5 53. Kf6 Bd7 54. Ke5 Bc8 55. Kf4 Bd7 56. Nxf5 Kb5 57. Kxg4 Kxb4 58. Kf4 Kc5 59. Ke5 Bc6 60. Ne3 Kb6 61.
Kd6 Kb7 62. g4 Be4 63. g5 Kc8 64. Ke7 Kc7 65. g4 Kc6 66. Kf6 Kd7 67. g6 Ke8 68.
g7 Bh7 69. Nf5 Bg8 70. Nh6 1-0

[Event "*** Titled Tuesday Blitz"]
[Site "Chess.com"]
[Date "2020.11.24"]
[Round "8"]
[White "DishonorOnYourCow"]
[Black "elohunter1999"]
[Result "1/2-1/2"]
[WhiteElo "2454"]
[BlackElo "2571"]
[TimeControl "180+1"]
[EndTime "11:47:11 PST"]
[Termination "Game drawn - insufficient material"]

1. d4 d5 2. c4 c6 3. Nf3 Nf6 4. e3 g6 5. Nc3 Bg7 6. Be2 O-O 7. O-O dxc4 8. Bxc4 Bg4 9. h3 Bxf3 10. Qxf3 Nbd7 11. Rd1 e5 12. d5 e4 13. Nxe4 Nxe4 14. Qxe4 Nb6 15. Bb3 cxd5 16. Bxd5 Nxd5 17. Qxd5 Qxd5 18.
Rxd5 Rfd8 19. Rd2 Rac8 20. Rxd8+ Rxd8 21. Kf1 Rd1+ 22. Ke2 Rg1 23. g3 f5 24. a4 Kf7 25. h4 Ke6 26. Kd3 Kd5 27. Rb1 b6 28. b3 h5 29. Ke2 Ke4 30. b4 a6 31. b5 a5 32. f3+ Kd5 33. Kf2 Rh1 34. Ke2 Kc4 35.
e4 fxe4 36. f4 Bd4 37. Kd2 e3+ 38. Ke2 Rh2+ 39. Kf3 Rf2+ 40. Ke4 Rf1 41. Bxe3 Rxb1 42. Bxd4 Re1+ 43. Be3 Kb4 44. Kf3 Kxa4 45. Bxb6 Kxb5 46. Bd4 a4 47. g4 hxg4+ 48. Kxg4 a3 49. Kg5 a2 50. Kxg6 Re4 51. Ba1 Rxf4 52. h5 Rg4+ 53. Kf7 Kc6 54. h6 Rh4 55. Kg7 Kd7 56. h7 Rg4+ 57. Kf8 Rh4 58. h8=Q Rxh8+ 59. Bxh8 Ke6 60.
Ba1 Kd5 61. Kg7 Ke4 62. Kg6 Kd3 63. Kf6 Kc2 64. Be5 Kb1 65. Kf5 a1=Q 66. Bxa1 1/2-1/2

[Event "*** Titled Tuesday Blitz"]
[Site "Chess.com"]
[Date "2020.11.24"]
[Round "8"]
[White "tlomigtlis"]
[Black "crazy_but_lazy"]
[Result "0-1"]
[WhiteElo "2568"]
[BlackElo "2466"]
[TimeControl "180+1"]
[EndTime "11:47:12 PST"]
[Termination "crazy_but_lazy won by checkmate"]

1. d4 Nf6 2. c4 c5 3. d5 e5 4. Nc3 d6 5. e4 g6 6. g3 Bg7 7.
Bg2 O-O 8. Nge2 a6 9. O-O Nbd7 10. Be3 Qe7 11. a4 Ne8 12. h3 f5 13. f4 Nef6 14. Qc2 fxe4 15. Nxe4 Nxe4 16. Bxe4 Nf6 17. Bg2 Bf5 18. Qb3 Rae8 19. Nc3 exf4 20. Bxf4 Nh5 21. Kh2 Nxf4 22. Rxf4 Be5 23. Rf3 Qg5 24. Raf1 h5 25.
Ne2 h4 26. Kh1 Bc8 27. Qd3 Rxf3 28. Qxf3 Qe7 29. g4 Rf8 30. Qd3 Rxf1+ 31. Bxf1 Qf6 32.
Bg2 Bxb2 33. Ng1 Kg7 34. Nf3 Bd7 35. Qe2 Bd4 36. Nd2 Bxa4 37. Ne4 Qf4 38. g5 Be5 39. Kg1 Qh2+ 40. Kf1 Qf4+ 41. Kg1 Bd7 42. Bf3 b5 43.
cxb5 Bxb5 44. Qg2 Qe3+ 45. Kh1 Bd3 46. Nf2 Qe1+ 47. Qg1 Qxg1+ 48. Kxg1 Bf5 49. Bg4 a5 50. Bxf5 gxf5 51. Nd3 a4 52. Nc1 a3 53. Na2 Kg6 54. Kf2 Kxg5 55. Kf3 c4 56. Nc1 c3 57. Na2 c2 58.
Ke3 c1=Q+ 59. Nxc1 Bf4+ 60. Kd3 Bxc1 61. Kc2 Bb2 62.
Kb1 f4 63. Ka2 f3 64. Kb3 f2 65. Ka2 f1=Q 66. Kb3 Be5 67. Kb4 Qb1+ 68. Ka5 a2 69. Ka6 a1=Q# 0-1

[Event "*** Titled Tuesday Blitz"]
[Site "Chess.com"]
[Date "2020.11.24"]
[Round "8"]
[White "RestartingChess"]
[Black "SHIVACalypso"]
[Result "1-0"]
[WhiteElo "2548"]
[BlackElo "2421"]
[TimeControl "180+1"]
[EndTime "11:47:12 PST"]
[Termination "RestartingChess won on time"]

1. e4 e6 2. d4 d5 3. exd5 exd5 4. c4 Nf6 5. Nc3 Bb4 6. Nf3 O-O 7. Be2 dxc4 8. O-O Nc6 9. Bxc4 Bg4 10. Be3 Rb8 11. a3 Bd6 12. h3 Bh5 13. b4 a6 14. Rc1 Ne7 15. Bg5 Nc6 16. Nd5 Be7 17. Nxe7+ Qxe7 18.
g4 Bg6 19. d5 Ne5 20. Re1 Nxf3+ 21. Qxf3 Qd6 22. Bf4 Qd7 23. Bb3 Rbc8 24. Be5 Ne8 25.
Bb2 Nd6 26. Qc3 f6 27. Re3 Bf7 28. Rce1 Rfe8 29. Rxe8+ Rxe8 30. Rxe8+ Nxe8 31. Qc5 Nd6 32. Kg2 h5 33. g5 fxg5 34. Qd4 Bg6 35. Qe5 Qf7 36.
Qxg5 Be4+ 37. Kf1 Nf5 38. Qd2 Nd6 39. Qd4 Bf5 40. Qe5 Bxh3+ 41. Ke1 Bd7 42. Qc3 Qe7+ 43. Kd1 Qf7 44. Qd4 Bg4+ 45. Kc1 Bf5 46. Bd1 Bg6 47. f4 Nf5 48. Qe5 Nd6 49. Bc2 Bxc2 50. Kxc2 Qf5+ 51.
Qxf5 Nxf5 52. Be5 Nd6 53. Kd3 Kf7 54. Ke3 Kg6 55. Kf3 Kf5 56. Bxg7 h4 57. Be5 Nb5 58.
a4 Nd6 59. Bd4 b6 60. Bf2 b5 61. axb5 axb5 62. Bxh4 Ne4 63. Bd8 1-0

[Event "*** Titled Tuesday Blitz"]
[Site "Chess.com"]
[Date "2020.11.24"]
[Round "8"]
[White "ExtremeLearner"]
[Black "pavelalexandru07"]
[Result "1-0"]
[WhiteElo "2377"]
[BlackElo "2282"]
[TimeControl "180+1"]
[EndTime "11:47:12 PST"]
[Termination "ExtremeLearner won by resignation"]

1. d4 Nf6 2. Nf3 c5 3. g3 e6 4.
Bg2 Be7 5. O-O O-O 6. dxc5 Bxc5 7. c4 Nc6 8. a3 Be7 9. b4 d6 10.
Bb2 a6 11. Nc3 Bd7 12. e4 Re8 13. Rc1 Rc8 14. Re1 Bf8 15. h3 Ne5 16. Nxe5 dxe5 17.
c5 Bc6 18. f3 Qc7 19. g4 Be7 20.
Qe2 Red8 21. Red1 Ne8 22. Qe3 h6 23. Qe1 Bg5 24. Rb1 Rxd1 25. Rxd1 Rd8 26. Bc1 Bxc1 27.
Rxc1 Nf6 28. Rd1 Rxd1 29. Qxd1 Qd7 30. Qxd7 Bxd7 31. a4 Kf8 32. b5 axb5 33. axb5 Ke7 34. Bf1 Kd8 35. Kf2 Kc7 36. Ke3 Be8 37. Kd3 Nd7 38. Kc4 g6 39. Na4 f6 40. b6+ Kc8 41.
Nc3 Nb8 42. Nb5 Bxb5+ 43. Kxb5 Nc6 44. Kc4 Nd4 45. Bg2 Kd7 46. f4 g5 47. f5 exf5 48.
exf5 Nc6 49. Be4 Na5+ 50. Kb5 Nb3 51. Kb4 Nd4 52. Kc4 Nc6 53. Bd5 Nd8 54. Kb5 Kc8 55.
Be6+ Kb8 56. Bd5 Kc8 57. Be4 Kd7 58. Kc4 Nc6 59. Bd5 Na5+ 60. Kb5 Nc6 61. Bxc6+ bxc6+ 62. Ka6 e4 63. b7 e3 64. b8=Q e2 65. Qb7+ Kd8 66. Qb1 Kd7 67. Qe1 Kc7 68. Qxe2 Kb8 69. Qe6 Kc7 70. Qd6+ Kc8 71. Kb6 h5 72. Kxc6 1-0

[Event "*** Titled Tuesday Blitz"]
[Site "Chess.com"]
[Date "2020.11.24"]
[Round "8"]
[White "exoticprincess"]
[Black "BocharovD"]
[Result "0-1"]
[WhiteElo "2896"]
[BlackElo "2829"]
[TimeControl "180+1"]
[EndTime "11:47:13 PST"]
[Termination "BocharovD won on time"]

1. b3 c5 2. Bb2 Nc6 3. e3 d6 4.
Ne2 Nf6 5. d4 cxd4 6. Nxd4 e6 7. c4 Be7 8. Nc3 O-O 9. Be2 Bd7 10. O-O a6 11. a4 Qc7 12. Qd2 Rfd8 13.
Rfc1 Qa5 14. h3 Rac8 15. Ba3 Be8 16. Rd1 Qb6 17. Rab1 Ne5 18. a5 Qc7 19. f4 Nc6 20.
Nxc6 Bxc6 21. b4 d5 22. c5 e5 23. fxe5 Qxe5 24. Bb2 Qg3 25. Bf3 Ne4 26. Qe1 Qg5 27. Ne2 Qxe3+ 28. Kh2 Qh6 29. Nd4 Bh4 30. Nf5 Qf4+ 31. g3 Qxf5 32. Bxe4 dxe4 33. gxh4 Rd3 34. Rxd3 exd3 35. Qg3 f6 36. Rg1 Rc7 37. Bc1 Re7 38. Be3 Qe5 39. Qxe5 Rxe5 40. Re1 Re4 41. Bd2 Rxh4 42. Kg3 Re4 43. Rxe4 Bxe4 44. h4 Kf7 45. Kf4 Bc6 46. Ke3 Bb5 47. Kd4 Ke6 48. Ke4 g6 49. Bh6 Bc6+ 50. Kxd3 Kf5 51. Bg7 g5 52. h5 Ke6 53. h6 f5 54. Kd4 f4 55. Bf8 Kf5 56.
Be7 g4 57. Kd3 g3 58. Ke2 Kg4 59. Bf6 f3+ 0-1

[Event "*** Titled Tuesday Blitz"]
[Site "Chess.com"]
[Date "2020.11.24"]
[Round "8"]
[White "WPWPWP-2015"]
[Black "Agoking701"]
[Result "1-0"]
[WhiteElo "2507"]
[BlackElo "2344"]
[TimeControl "180+1"]
[EndTime "11:47:15 PST"]
[Termination "WPWPWP-2015 won by resignation"]

1. d4 Nf6 2. c4 e6 3. Nc3 Bb4 4. f3 d5 5. a3 Bxc3+ 6. bxc3 O-O 7. cxd5 exd5 8. e3 c5 9. Bd3 Nc6 10. Ne2 Re8 11. O-O Be6 12. Ng3 Rc8 13. Ra2 cxd4 14. cxd4 Na5 15. Re2 Nc4 16. Kh1 Qd6 17. e4 dxe4 18.
fxe4 Qxd4 19. e5 Rcd8 20. exf6 Qxd3 21. Qxd3 Rxd3 22. Nh5 g6 23. Ng7 Red8 24. Nxe6 fxe6 25. f7+ Kg7 26. Rxe6 Rf8 27. Re7 Rd5 28. h3 Rf5 29. Rxf5 gxf5 30. Rc7 Nd6 31. Bb2+ Kg6 32. Be5 Nxf7 33.
Bf4 Re8 34. Rxb7 Re4 35. g3 Ra4 36. Rb3 a6 37. Rc3 Kf6 38. Kg2 Ke6 39. Rd3 Ne5 40.
Re3 Re4 41. Rb3 Nc4 42. Rb8 Kd5 43. Ra8 Nxa3 44. Rxa6 Nc4 45. Rf6 Kd4 46. Rxf5 Re7 47.
Kf3 Ne5+ 48. Bxe5+ Rxe5 49. Kg4 Re3 50. Rf7 Re4+ 51.
Rf4 Ke5 52. Rxe4+ Kxe4 53. Kg5 Kf3 54. g4 Kg3 55. h4 Kh3 56. h5 Kg3 57. h6 Kf3 58.
Kf5 Kg3 59. g5 Kh4 60. g6 hxg6+ 61. Kxg6 Kg4 62. h7 Kf4 63. h8=Q Ke4 64. Qf6 1-0

[Event "*** Titled Tuesday Blitz"]
[Site "Chess.com"]
[Date "2020.11.24"]
[Round "8"]
[White "Escanor89"]
[Black "arjwezhrtdrz"]
[Result "1/2-1/2"]
[WhiteElo "2516"]
[BlackElo "2343"]
[TimeControl "180+1"]
[EndTime "11:47:16 PST"]
[Termination "Game drawn by repetition"]

1. Nf3 e6 2. c4 d5 3. d4 Nf6 4. Nc3 Be7 5. cxd5 exd5 6. Bg5 O-O 7. e3 c6 8. Bd3 Nbd7 9. Qc2 Re8 10. O-O Nf8 11. h3 g6 12. Bf4 Ne6 13. Be5 Ng7 14. Rab1 Bf5 15. b4 Bxd3 16. Qxd3 a6 17. a4 Nd7 18.
Bxg7 Kxg7 19. b5 axb5 20. axb5 Bd6 21. Rfc1 Ra3 22. Qc2 Qa8 23. Rb3 Ra5 24. bxc6 bxc6 25. Ne2 Rc8 26. Rc3 Ra2 27. Qd3 Nf6 28. Ne5 Bxe5 29. dxe5 Ne4 30. R3c2 Qa6 31. Qxa6 Rxa6 32. f3 Ng5 33. Nd4 Ne6 34. Rxc6 Rcxc6 35. Nxc6 Ra3 36. Kf2 Ra2+ 37. Kg3 Ra3 38. Re1 Rc3 39. Ne7 d4 40.
exd4 Nxd4 41. Nd5 Nf5+ 42. Kf2 Rc2+ 43. Re2 Rxe2+ 44. Kxe2 Nh4 45. g3 Nf5 46. Kf2 Nd4 47. g4 g5 48. f4 gxf4 49. Nxf4 Nc6 50. Nd3 f6 51. e6 Nd4 52. Nf4 Kf8 53. Ke3 Nc6 54. Ke4 Ke7 55. h4 Nd8 56. Kd5 Nb7 57. g5 fxg5 58. hxg5 Nd8 59. Ke5 Nc6+ 60. Kd5 Nd8 61. Ke5 Nc6+ 62. Kf5 Nd4+ 63. Ke5 Nc6+ 1/2-1/2

[Event "*** Titled Tuesday Blitz"]
[Site "Chess.com"]
[Date "2020.11.24"]
[Round "8"]
[White "Vulcanochess"]
[Black "EdmundPlayer"]
[Result "1/2-1/2"]
[WhiteElo "2297"]
[BlackElo "2152"]
[TimeControl "180+1"]
[EndTime "11:47:17 PST"]
[Termination "Game drawn by repetition"]

1. c4 e5 2. Nc3 Nf6 3. g3 d5 4.
cxd5 Nxd5 5. Bg2 Nb6 6. Nf3 Nc6 7. d3 Be7 8. a3 Be6 9. Be3 f6 10. Rc1 O-O 11. b4 a5 12. Bxb6 axb4 13. Bxc7 Qxc7 14.
axb4 Bxb4 15. O-O Rfc8 16. Ne4 Qe7 17. Rb1 Ra2 18. e3 Rca8 19. Nfd2 Rd8 20. Nb3 f5 21. Nc1 fxe4 22. Nxa2 Bxa2 23. Rb2 Bd5 24. dxe4 Bc4 25.
Qb1 Bxf1 26. Bxf1 h6 27. Bc4+ Kh7 28. Bd5 Rf8 29. Bxc6 bxc6 30. Rxb4 Qf6 31. Rb2 Qf3 32. Rd2 c5 33. Qd1 Qxe4 34. Qc2 Qxc2 35. Rxc2 Rc8 36.
Kg2 Kg6 37. Kf3 Kf6 38. Ke4 Ke6 39. Rc4 g6 40. f4 h5 41. fxe5 Rc6 42. h4 Ke7 43. Kf4 Ke6 44. e4 Ra6 45. Kg5 Ra3 46. Kxg6 Rxg3+ 47. Kxh5 Kxe5 48. Rxc5+ Kxe4 49. Rc8 Kf5 50. Rf8+ Ke6 51. Kh6 Rh3 52. h5 Rg3 53. Rf4 Ke7 54.
Kh7 Rh3 55. h6 Rg3 56. Rf1 Ke8 57. Rf4 Rh3 58. Rf5 Rg3 59. Rf6 Ke7 60. Rf4 Ke6 61. Rf1 Ke7 62. Kh8 Rg4 63. Rf5 Ke8 64. Kh7 Rg3 65.
Re5+ Kf7 66. Rf5+ Ke6 67. Rf1 Ke7 68. Kh8 Ke8 69. Kh7 Ke7 1/2-1/2

[Event "*** Titled Tuesday Blitz"]
[Site "Chess.com"]
[Date "2020.11.24"]
[Round "8"]
[White "kkpanu9"]
[Black "Resignify"]
[Result "1-0"]
[WhiteElo "2081"]
[BlackElo "2248"]
[TimeControl "180+1"]
[EndTime "11:47:17 PST"]
[Termination "kkpanu9 won on time"]

1. e4 d6 2. d4 Nf6 3. Nc3 g6 4. Nf3 Bg7 5. Be2 O-O 6. O-O Bg4 7.
h3 Bxf3 8. Bxf3 e5 9. Be3 Nc6 10. d5 Ne7 11. Be2 Nd7 12. Na4 f5 13. f3 Nf6 14. Qd3 Nh5 15. c4 Nf4 16. Qd2 Bh6 17.
Rac1 Qe8 18. Rfe1 Nxe2+ 19. Qxe2 Bxe3+ 20. Qxe3 Qxa4 21. a3 f4 22. Qd3 b6 23. b4 Qd7 24.
Rc2 c5 25. Rec1 cxb4 26. axb4 Rfc8 27. c5 bxc5 28. bxc5 Rxc5 29. Rxc5 dxc5 30. d6 Kg7 31. Rxc5 Rd8 32. Rc7 Qxd6 33. Qxd6 Rxd6 34. Rxe7+ Kf6 35. Rxa7 h5 36. Kh2 Re6 37. h4 Re8 38. Kh3 Re6 39. g3 fxg3 40. Kxg3 Re8 41. Ra5 Re6 42. Rd5 Re8 43.
f4 exf4+ 44. Kxf4 Re6 45. e5+ Kg7 46. Rd6 Re8 47. Rf6 Re7 48. Rd6 Re8 49. Rc6 Re7 50. Rb6 Kf7 51. Ra6 Kg7 52. Rf6 Re8 53. Rd6 Re7 54.
Rd1 Kf7 55. Re1 Kg7 56. Kg5 Rf7 57. e6 Re7 58. Re5 Re8 59. Rd5 Re7 60. Rd7 Kf8 61. Kf6 1-0

[Event "*** Titled Tuesday Blitz"]
[Site "Chess.com"]
[Date "2020.11.24"]
[Round "8"]
[White "mbojan"]
[Black "SerGo055"]
[Result "0-1"]
[WhiteElo "2687"]
[BlackElo "2510"]
[TimeControl "180+1"]
[EndTime "11:47:18 PST"]
[Termination "SerGo055 won by resignation"]

1. g3 d5 2. Bg2 c6 3. d3 Nf6 4. Nf3 Bf5 5. Nbd2 e6 6. O-O h6 7.
b3 Be7 8. Bb2 O-O 9. c4 a5 10. a3 Bh7 11. Ra2 Nbd7 12. Qa1 Nc5 13. Bc3 Re8 14. Rb1 b5 15. cxb5 cxb5 16. Ne5 Qb6 17. Bd4 Qb7 18. Rc1 Rac8 19. Rac2 Ncd7 20. Nc6 Bd6 21. Nf3 Qa6 22. Nfe5 Nxe5 23. Bxe5 Bxe5 24.
Qxe5 Kh8 25. h3 a4 26. b4 Qb7 27. Bf3 Nd7 28. Qd6 Nf6 29. Kg2 Qb6 30. Qc5 Qb7 31. Qd6 Qb6 32. Qe5 Rc7 33. Nd4 Rd7 34. Rc6 Qb8 35. Qxb8 Rxb8 36. Rc8+ Rd8 37. Rxd8+ Rxd8 38. Nxb5 e5 39. Kg1 e4 40. dxe4 Bxe4 41. Nd4 Bxf3 42. exf3 Re8 43. b5 Nd7 44. Rc6 Re1+ 45. Kg2 Rb1 46. Rd6 Nc5 47. Rxd5 Nd3 48. h4 Ne1+ 49.
Kh3 Kh7 50. h5 Nd3 51. Nf5 Nxf2+ 52. Kg2 Nd1 53. Rd7 Rxb5 54. Rxf7 Rxf5 55. Rxf5 Ne3+ 56. Kf2 Nxf5 57. g4 Nd6 58. Ke3 Nc4+ 59. Kd4 Nxa3 60. Kc5 Nb5 61. Kb4 a3 62. Kb3 Kg8 63. f4 Kf7 64. g5 Ke6 65. Kb4 Kf5 66. Kxb5 a2 67. Kb4 a1=Q 68. Kc4 Kxf4 0-1

[Event "*** Titled Tuesday Blitz"]
[Site "Chess.com"]
[Date "2020.11.24"]
[Round "8"]
[White "Tenamu"]
[Black "Triumphmate"]
[Result "1-0"]
[WhiteElo "2325"]
[BlackElo "2418"]
[TimeControl "180+1"]
[EndTime "11:47:18 PST"]
[Termination "Tenamu won by checkmate"]

1. d4 d5 2. Nc3 e6 3. e4 dxe4 4.
Nxe4 Be7 5. Nf3 Nc6 6. c3 Nf6 7. Bd3 b6 8. O-O Bb7 9. Re1 h6 10. b4 O-O 11. Bd2 a6 12. Qc2 Rc8 13. Rad1 Nb8 14.
Bc1 Nbd7 15. Qb1 Qe8 16. a4 Nxe4 17. Bxe4 Bxe4 18. Qxe4 Nf6 19. Qc2 c5 20. bxc5 bxc5 21. Qa2 cxd4 22. cxd4 Nd5 23. Bb2 Bb4 24. Re2 a5 25.
Ne5 Qd8 26. Nd3 Bc3 27. Nc5 Nb4 28. Qb3 Bxb2 29. Rxb2 Qd6 30. Rbd2 Rfd8 31. Nb7 Qd5 32. Nc5 Qxb3 33. Nxb3 Rc3 34. Nxa5 Ra8 35. Nb7 Rxa4 36. Nc5 Ra8 37. f3 Nd5 38. Kf2 Raa3 39. Rd3 Rc2+ 40. R3d2 Rcc3 41. Rb1 Kh7 42. Ne4 Rd3 43. Rbd1 Rxd2+ 44. Rxd2 f5 45. Nc5 Nc7 46. h4 Kg6 47. Kg3 Kf6 48.
Nd7+ Ke7 49. Ne5 Nd5 50. Rc2 g5 51. Rb2 Ra7 52. Nc6+ Kf6 53. Nxa7 f4+ 54. Kg4 Kg6 55. h5+ Kf6 56. Kh3 Ne3 57. Nc6 Nf5 58. Ne5 Nxd4 59.
Ng4+ Kg7 60. Rb7+ Kf8 61. Nxh6 e5 62. Ng4 e4 63. fxe4 Ne6 64. Nf6 g4+ 65. Kxg4 f3 66. gxf3 Ng5 67. Rb8+ Kf7 68. Kxg5 Kg7 69. h6+ Kf7 70.
h7 Ke6 71. h8=Q Ke5 72. Qc8 Kd4 73. Rb3 Ke5 74. Qc7+ Ke6 75. Rb6# 1-0

[Event "*** Titled Tuesday Blitz"]
[Site "Chess.com"]
[Date "2020.11.24"]
[Round "8"]
[White "CM_rui"]
[Black "CraiggoryC"]
[Result "0-1"]
[WhiteElo "2359"]
[BlackElo "2174"]
[TimeControl "180+1"]
[EndTime "11:47:18 PST"]
[Termination "CraiggoryC won by checkmate"]

1. e4 e6 2. d4 d5 3. Nc3 Bb4 4. e5 c5 5. a3 Bxc3+ 6. bxc3 Ne7 7.
f4 Nbc6 8. Nf3 Qa5 9. Qd2 Bd7 10.
Bd3 c4 11. Be2 f6 12. O-O Qa4 13. Rb1 O-O-O 14. Nh4 Rdg8 15. f5 fxe5 16. dxe5 Nxe5 17. Qd4 N7c6 18. Qc5 Qxc2 19. fxe6 Bxe6 20. Rb2 Qxc3 21. Qb5 Qd4+ 22. Kh1 Qb6 23. Qa4 Qa6 24. Qc2 Rf8 25.
Rd1 Rf7 26. Nf3 Rhf8 27. Be3 Nxf3 28. Bxf3 d4 29. Bxd4 Nxd4 30. Rxd4 Rxf3 31. gxf3 Rxf3 32. Qe2 Qc6 33. Re4 Bd5 34. Re8+ Kc7 35. Qe5+ Qd6 36. Re7+ Kc6 37. Qxd6+ Kxd6 38. Rd7+ Kxd7 39. Kg1 Rb3 40. Rd2 Kc6 41. Rf2 c3 42. Rf8 Rb2 43. Rc8+ Kb5 44. Rxc3 Rg2+ 45. Kf1 Rxh2 46. Rd3 Rh5 47. Rd4 Re5 48.
Kf2 Kc5 49. Rf4 Re4 50. Rf8 Ra4 51. Rc8+ Kb6 52. Rh8 h6 53. Rh7 Rxa3 54. Rxg7 Ra2+ 55. Ke3 Ra3+ 56. Kd4 Bc6 57. Rg6 a5 58. Rxh6 a4 59.
Rh8 Rb3 60. Ra8 Rb5 61. Kc4 Ra5 62. Rh8 a3 63. Rh2 a2 64. Rb2+ Kc7 65. Rf2 a1=Q 66. Rf7+ Kb6 67. Rf3 Qa4+ 68. Kd3 Qb3+ 69. Kd4 Qxf3 70.
Kc4 Qd5+ 71. Kb4 Ra4+ 72. Kc3 Ra3+ 73. Kb4 Qb3# 0-1

[Event "*** Titled Tuesday Blitz"]
[Site "Chess.com"]
[Date "2020.11.24"]
[Round "8"]
[White "ViktoriyaTarasova"]
[Black "Shuvalov"]
[Result "1/2-1/2"]
[WhiteElo "2302"]
[BlackElo "2453"]
[TimeControl "180+1"]
[EndTime "11:47:20 PST"]
[Termination "Game drawn - insufficient material"]

1. d4 Nf6 2. c4 g6 3. Nc3 d5 4.
cxd5 Nxd5 5. g3 Bg7 6. Bg2 Nxc3 7.
bxc3 O-O 8. e3 c5 9. Ne2 Qc7 10. O-O Rd8 11. Qb3 Nc6 12. Ba3 b6 13. Rad1 Bb7 14. Bb2 Na5 15. Qb5 Bxg2 16. Kxg2 Qb7+ 17. f3 Qd5 18. a4 Qc4 19. Qxc4 Nxc4 20. Bc1 e6 21.
Kf2 Rac8 22. Nf4 Na5 23. Bd2 Nb3 24. Ke2 cxd4 25. exd4 Rc4 26. Nd3 Rxa4 27. Nb4 a5 28.
Nd3 Ra2 29. Nc1 Rb2 30. Nxb3 Rxb3 31. Rb1 Rxb1 32. Rxb1 Rd6 33. Bf4 Rc6 34. Kd3 Kf8 35.
c4 Ke8 36. d5 exd5 37. cxd5 Rc5 38. d6 b5 39. Re1+ Kd8 40. Re7 g5 41. Rxf7 gxf4 42. Rxg7 Rd5+ 43. Kc2 fxg3 44. hxg3 Rxd6 45. Rxh7 a4 46. Kc3 Kc8 47. Kb4 Ra6 48. Ka3 Kd8 49.
f4 Rg6 50. Rh3 Kc7 51. Kb4 Kb6 52. Rh5 Ka6 53. Rxb5 Rxg3 54. Ra5+ Kb6 55. Rxa4 Rg4 56. Ra8 Rxf4+ 57. Kb3 Rf7 58. Kb4 Kc6 59. Ra6+ Kb7 60. Ra5 Rf4+ 61. Ka3 Rf3+ 62. Kb2 Rf4 63. Kb3 Kb6 64.
Ra4 Rxa4 65. Kxa4 1/2-1/2

[Event "*** Titled Tuesday Blitz"]
[Site "Chess.com"]
[Date "2020.11.24"]
[Round "8"]
[White "onnoelgersma"]
[Black "VladaSviridova"]
[Result "1-0"]
[WhiteElo "2409"]
[BlackElo "2284"]
[TimeControl "180+1"]
[EndTime "11:47:20 PST"]
[Termination "onnoelgersma won on time"]

1. d3 d5 2. Nf3 Nf6 3. g3 c6 4.
Bg2 Bf5 5. O-O e6 6. Nbd2 h6 7. b3 Be7 8. Bb2 O-O 9. c4 a5 10. a3 Na6 11. Rc1 Bh7 12. Ne5 Bd6 13. Ndf3 Qe7 14.
Ra1 Rfd8 15. h3 Rac8 16. Qd2 Nc5 17. Qc2 Ncd7 18. Nxd7 Nxd7 19. Qd2 b6 20. Ne1 Be5 21. Bxe5 Nxe5 22. Qe3 Qf6 23. Rc1 d4 24. Qd2 c5 25.
b4 axb4 26. axb4 Nc6 27. Nc2 Qe7 28. Rb1 cxb4 29. Nxb4 Na5 30. Rfc1 Bf5 31. Kh2 Qd6 32.
Qf4 Qxf4 33. gxf4 Rb8 34. Nc6 Nxc6 35. Bxc6 g5 36. fxg5 hxg5 37. Bg2 f6 38. Rb4 Kg7 39. Rcb1 e5 40. Rxb6 Rxb6 41. Rxb6 Rc8 42. Bd5 Kg6 43. Rb7 Rh8 44. Bg2 g4 45. Kg3 gxh3 46. Bh1 h2 47. f3 Rh3+ 48. Kf2 Rh8 49. c5 Rc8 50. Rb5 Bd7 51. Ra5 Rb8 52. Kg3 Rb2 53. Kxh2 Rxe2+ 54. Kg3 Bc6 55. Ra6 Bd5 56. Rd6 Bb7 57. c6 Bc8 58. c7 Rc2 59. f4 exf4+ 60. Kxf4 Bh3 61. Be4+ Kf7 62. Bc6 Bc8 63. Be4 Ke7 64. Rxd4 1-0